 Dungeon Crawl Stone Soup version 0.27.1-4-g1640c2035a (webtiles) character file.

Game seed: 15032294400189797808

28 Stomo444 the Ducker (level 3, -1/28 HPs)
             Began as a Demonspawn Gladiator on Nov 16, 2021.
             Slain by Natasha (3 damage)
             ... on level 2 of the Dungeon.
             The game lasted 00:01:41 (1467 turns).

Stomo444 the Ducker (Demonspawn Gladiator)          Turns: 1467, Time: 00:01:41

Health: -1/28      AC:  6    Str: 15    XL:     3   Next: 0%
Magic:  12/12      EV: 12    Int:  9    God:
Gold:   11         SH:  0    Dex: 14    Spells: 2/2 levels left

rFire    + . .     SeeInvis .   a - +0 flail
rCold    . . .     Faith    .   (no shield)
rNeg     . . .     Spirit   .   b - +0 leather armour
rPois    .         Reflect  .   c - +0 helmet
rElec    .         Harm     .   f - +0 cloak
rCorr    .         Rampage  .   (no gloves)
Will     .....                  (no boots)
Stlth    +.........             (no amulet)
HPRegen  0.09/turn              g - ring of protection from fire
MPRegen  0.13/turn              h - ring of magical power

@: brilliant, slowed, very slow
A: rugged brown scales 1
a: no special abilities


You were on level 2 of the Dungeon.
You visited 1 branch of the dungeon, and saw 2 of its levels.

You collected 11 gold pieces.

Inventory:

Hand Weapons
 a - a +0 flail (weapon)
Missiles
 d - 3 throwing nets (quivered)
Armour
 b - a +0 leather armour (worn)
 c - a +0 helmet (worn)
 f - a +0 cloak (worn)
Jewellery
 g - a ring of protection from fire (left hand)
 h - a ring of magical power (right hand)


   Skills:
 + Level 2.4 Fighting
 + Level 3.0 Maces & Flails
 - Level 1.7 Throwing
 + Level 1.0 Armour
 + Level 3.0 Dodging


You had 2 spell levels left.
You didn't know any spells.
Your spell library was empty.

Dungeon Overview and Level Annotations

Branches:
Dungeon (2/15)

Altars:

Annotations:
D:2 Natasha


Innate Abilities, Weirdness & Mutations

You are partially covered in rugged brown scales. (AC +1, +3% HP)


Message History

The puff of frost hits you.
* * * LOW HITPOINT WARNING * * *
Natasha misses you. The white imp completely misses you.
You closely miss Natasha.
Natasha is heavily wounded.
Natasha mumbles some strange words.
Natasha shimmers violently.
Natasha claws you but does no damage. The white imp gestures at you.
The puff of frost hits you.
* * * LOW HITPOINT WARNING * * *
Natasha casts a spell at you. You resist with significant effort.
The white imp hits you but does no damage.
It was a potion of brilliance.
You feel clever all of a sudden. Natasha claws you.
* * * LOW HITPOINT WARNING * * *
The white imp hits you but does no damage.
Unknown command.
You aren't carrying any scrolls.
Unknown command.
You closely miss Natasha.
Natasha is heavily wounded.
Natasha mumbles some strange words.
The white imp hits you but does no damage.
Natasha claws you.
* * * LOW HITPOINT WARNING * * *
The white imp hits you but does no damage.
Unknown command.
You thump Natasha!
Natasha is almost dead.
The white imp grins evilly.
The white imp closely misses you. Natasha misses you.
Natasha casts a spell.
The white imp barely misses you.
You hit Natasha but do no damage.
Natasha is almost dead.
Natasha claws you.
You die...

###################
..................#
#################.######
..... .......5@5....>#
..... #########h####.#
..... #l# ..... .5.
..... ....# ..... .l....
##### ......## .......#
........#


You could see Natasha, 2 crimson imps, a white imp (summoned) and a frilled
lizard.

Vanquished Creatures
  4 endoplasms
  A giant cockroach (D:1)
  3 goblins (D:1)
  4 hobgoblins
  3 jackals (D:1)
  A kobold (D:1)
  A quokka (D:2)
  3 ball pythons
  A bat (D:1)
  2 frilled lizards (D:1)
  A rat (D:1)
24 creatures vanquished.

Notes
Turn   | Place    | Note
-------+----------+-------------------------------------------
     0 | D:1      | Stomo444 the Demonspawn Gladiator began the quest for the
                  | Orb.
     0 | D:1      | Reached XP level 1. HP: 16/16 MP: 1/1
   181 | D:1      | Gained mutation: You are partially covered in rugged brown
                  | scales. (AC +1, +3% HP) [demonic ancestry]
   181 | D:1      | Reached XP level 2. HP: 11/22 MP: 2/2
   343 | D:1      | Found a faded altar of an unknown god.
  1233 | D:2      | Reached skill level 1 in Armour
  1324 | D:2      | Reached XP level 3. HP: 19/28 MP: 3/3
  1450 | D:2      | Noticed Natasha
  1465 | D:2      | HP: 1/28 [Natasha (2)]
  1467 | D:2      | Slain by Natasha

Illustrated notes

Levels and vault maps discovered:
D:1:      psy_arrival_whirlpool, layout_basic,
          hellmonk_ecumenical_altar_slurped_away
D:2:      layout_basic, basic_altar, uniq_natasha

Skill      XL: |  1  2 |
---------------+-------+-----
Armour         | 1 |  1.0
Dodging        | 3 |  3.0
Maces & Flails | 3 |  3.0
Fighting       | |  2.4
Throwing       | |  1.7

Action                   || total
-------------------------++-------
Melee: Flail             ||    82
  Use: Potion            ||     1
Armor: Leather armour    ||    46
Dodge: Dodged            ||    62
